 Dungeon Crawl Stone Soup version 0.29-a0-885-gb26ba3297d (webtiles) character file.

Game seed: 5561861642892329787

32 Hubris850 the Chiller (level 3, -2/28 HPs)
             Began as a Naga Ice Elementalist on July 20, 2022.
             Succumbed to Crazy Yiuf's poison
             ... on level 2 of the Dungeon.
             The game lasted 00:04:00 (2066 turns).

Hubris850 the Chiller (Naga Ice Elementalist)       Turns: 2066, Time: 00:04:00

Health: -2/28      AC:  2    Str: 10    XL:     3   Next: 25%
Magic:  6/6        EV:  9    Int: 17    God:
Gold:   38         SH:  0    Dex: 11    Spells: 2/6 levels left

rFire   + . .      SeeInvis +   c - +0 whip
rCold   + . .      Faith    .   (no shield)
rNeg    . . .      Spirit   .   a - +0 robe
rPois   +          Reflect  .   (no helmet)
rElec   +          Harm     .   (no cloak)
rCorr   +          Rampage  .   (no gloves)
Will    .....                   (no barding)
Stlth   ++........              (no amulet)
HPRegen 0.09/turn               (no ring)
MPRegen 0.10/turn               (no ring)

@: mighty, lethally poisoned (-2 -> -14), short of breath, resistant, very slow
A: AC +1, large, see invisible, deformed body, poison resistance, slowness 2,
spit poison 1, naga tail 1
a: Spit Poison


You were on level 2 of the Dungeon.
You visited 1 branch of the dungeon, and saw 2 of its levels.

You collected 38 gold pieces.

Inventory:

Hand Weapons
 c - a +0 whip (weapon)
 l - a +3 hammer
Missiles
 i - 5 poisoned darts
Armour
 a - a +0 robe (worn)
Scrolls
 d - a scroll of teleportation {unknown}
 e - a scroll of summoning {unknown}
 f - a scroll of noise {unknown}
 h - a scroll of poison {unknown}
Potions
 b - 2 potions of magic


   Skills:
 + Level 0.2 Fighting
 - Level 1.5 Dodging
 + Level 3.8 Stealth
 - Level 1.0 Unarmed Combat
 + Level 2.4 Spellcasting
 + Level 4.2 Ice Magic


You had 2 spell levels left.
You knew the following spells:

 Your Spells              Type           Power      Damage    Failure   Level
a - Freeze                Ice            64%        1d8       3%          1
b - Frozen Ramparts       Ice            32%        1d5       10%         3

Your spell library contained the following spells:

 Spells                   Type           Power      Damage    Failure   Level
 Ozocubu's Armour         Ice            16%        N/A       10%         3
 Hailstorm                Conj/Ice       9%         3d4       61%         4


Dungeon Overview and Level Annotations

Branches:
Dungeon (2/15)

Altars:

Shops:
D:1 ?

Annotations:
D:2 Crazy Yiuf


Innate Abilities, Weirdness & Mutations

Your serpentine skin is tough. (AC +1)
You have supernaturally acute eyesight. (SInv)
Armour fits poorly on your strangely shaped body.
Your system is resistant to poisons. (rPois)
You cover ground very slowly.
You can spit poison.
You have a snake-like lower body.


Message History

You miss the frilled lizard.
The frilled lizard is heavily wounded.
The frilled lizard bites you.
You hit the frilled lizard.
You kill the frilled lizard!
No target in view!
No target in view!
Found a hammer.
Found two hammers and a glowing hammer.
You see here a +0 hammer.
You see here a +3 hammer.
l - a +3 hammer
Found a hammer.
Found a runed translucent door.
Crazy Yiuf shouts!
Crazy Yiuf yells, "Paint!"
It was a potion of heal wounds.
You feel much better.
It was a potion of resistance.
You feel protected.
It was a potion of might.
You feel very mighty all of a sudden.
You open the door.
Aiming: Spit Poison (2% risk of failure)
Press: ? - help, Shift-Dir - straight line, f - Crazy Yiuf
Aim: Crazy Yiuf, wielding a +3 quarterstaff of chaos and wearing a +0 cloak (65% to hit)
The splash of poison hits Crazy Yiuf.
Crazy Yiuf is lightly wounded.
Crazy Yiuf whimpers, "Trifle!"
Crazy Yiuf hits you with a +3 quarterstaff of chaos!
You are poisoned.
You barely miss Crazy Yiuf.
Crazy Yiuf is lightly wounded.
You feel very sick.
Crazy Yiuf whimpers, "Cake!
Tonal infinity Orb Guardian."
Crazy Yiuf hits you with a +3 quarterstaff of chaos!
* * * LOW HITPOINT WARNING * * *
Crazy Yiuf freezes you.
* * * LOW HITPOINT WARNING * * *
You hit Crazy Yiuf.
Crazy Yiuf is moderately wounded.
You die...

♣♣♣♣♣### ###
♣♣♣.♣..).##
#...#♣..♣..)...##
#...g@♣♣♣♣......#
#)..#♣♣ ♣♣..)..# ###
♣♣###.# #.######
#.......
###################.###
#<#...........## #†#
#..............# #.#
#############..# #.#


You could see Crazy Yiuf.

Vanquished Creatures
  6 ball pythons
  5 endoplasms (D:1)
  2 giant cockroaches
  2 hobgoblins
  3 jackals (D:1)
  A kobold (D:2)
  5 bats
  A frilled lizard (D:2)
  3 rats
28 creatures vanquished.

Notes
Turn   | Place    | Note
-------+----------+-------------------------------------------
     0 | D:1      | Hubris850 the Naga Ice Elementalist began the quest for the
                  | Orb.
     0 | D:1      | Reached XP level 1. HP: 15/15 MP: 3/3
   399 | D:1      | Reached XP level 2. HP: 9/22 MP: 3/5
  1111 | D:1      | Found Zytull's Magic Scroll Shop.
  1519 | D:1      | Reached skill level 1 in Unarmed Combat
  1562 | D:1      | Reached XP level 3. HP: 28/28 MP: 4/6
  1681 | D:2      | Learned a level 3 spell: Frozen Ramparts
  2056 | D:2      | Found a runed translucent door.
  2057 | D:2      | Noticed Crazy Yiuf
  2065 | D:2      | HP: 1/28 [Crazy Yiuf/+3 quarterstaff of chaos (1)]
  2066 | D:2      | Succumbed to Crazy Yiuf's poison

Illustrated notes

Levels and vault maps discovered:
D:1:      wander_arrival_lonely_grave, layout_loops_ring, serial_shops, shop,
          chequers_serial_rivers_micro_b, dreamdust_princess_bridge
D:2:      layout_loops_ring, uniq_crazy_yiuf_cottage, uniq_natasha

Skill      XL: |  1  2 |
---------------+-------+-----
Unarmed Combat | 1 |  1.0
Fighting       | |  0.2
Dodging        | |  1.5
Stealth        | |  3.8
Spellcasting   | |  2.4
Ice Magic      | |  4.2

Action                   || total
-------------------------++-------
Melee: Whip              ||    57
       Unarmed           ||     4
 Cast: Freeze            ||    18
       Frozen Ramparts   ||     1
 Abil: Spit Poison       ||     3
  Use: Potion            ||     3
 Stab: Sleeping          ||     7
Armor: Robe              ||    11
Dodge: Dodged            ||    30

Table legend: (Time is in decaauts)
 A = Elapsed time spent in this place.
 B = Non-inter-level travel time spent in this place.
 C = Inter-level travel time spent in this place.
 D = Time resting spent in this place.
 E = Time spent auto-exploring this place.
 F = Levels seen in this place.
 G = Mean time per level.
                   A        B        C        D        E       F      G
               +--------+--------+--------+--------+--------+-----+--------+
         Total |   2358 |   2347 |     11 |    499 |   1548 |   2 | 1179.0 |
       Dungeon |   2358 |   2347 |     11 |    499 |   1548 |   2 | 1179.0 |
               +--------+--------+--------+--------+--------+-----+--------+

Top non-repeatable levels by time:
     D:1: 1895 daAuts
     D:2: 463 daAuts
